Map: Breakwater LE

Players

Bjorn

  • Race: Terran Terran
  • Spawn Location: 1:00

Dalakken

  • Race: Zerg Zerg
  • Spawn Location: 1:00

Pulpinator - Winner!

  • Race: Protoss Protoss
  • Spawn Location: 7:00

Tyler - Winner!

  • Race: Protoss Protoss
  • Spawn Location: 7:00

VOD

Have the link to the VOD?

Description

Time

  • Played on: Oct. 6, 2025, 2 p.m.
  • Length: 8:01
Show
View Real Time Build Order
Export as new Build Order

Bjorn Terran 

Build Orders:  

Get SALT Encoding   

  12  0:00  SCV  
  13  0:16  Supply Depot  
  13  0:18  SCV  
  14  0:30  SCV  
  15  0:41  Barracks  
  15  0:43  SCV  
  16  0:55  SCV  
  17  1:07  SCV  
  18  1:23  Command Center  
  18  1:24  SCV  
  19  1:41  Supply Depot  
  19  1:59  Orbital Command  
  19  2:13  Refinery  
  19  2:19  Marine  
  20  2:26  SCV  
  21  2:31  Refinery  
  21  2:37  Marine  
  21  2:39  SCV  
  23  2:51  SCV  
  24  2:54  SCV  
  24  2:55  Marine  
  26  3:03  SCV  
  27  3:06  SCV  
  28  3:15  SCV  
  28  3:18  SCV  
  30  3:21  Barracks Tech Lab  
  30  3:27  SCV  
  30  3:30  SCV  
  30  3:31  Engineering Bay  
  32  3:39  SCV  
  33  3:45  Stimpack  
  33  3:46  Marine  
  34  3:51  SCV  
  35  4:04  Marine  
  36  4:14  Barracks  
  36  4:17  Factory  
  36  4:21  Marine  
  37  4:28  SCV  
  34  4:39  Marine  
  34  4:40  SCV  
  34  4:45  SCV  
  36  4:57  SCV, Marine  
  38  5:03  Supply Depot  
  38  5:09  SCV  
  39  5:14  Refinery  
  39  5:15  Marine  
  39  5:17  Marine  
  39  5:20  Factory Tech Lab  
  41  5:21  SCV  
  41  5:24  Combat Shield  
  42  5:32  Terran Infantry Weapons Level 1  
  42  5:33  SCV, Marine  
  42  5:35  Marine  
  44  5:42  SCV  
  43  5:45  SCV  
  44  5:50  Marine  
  44  5:52  Marine  
  44  5:54  SCV  
  47  5:58  SCV  
  47  5:59  Siege Tank  
  47  6:02  Supply Depot  
  51  6:08  Marine  
  51  6:10  Marine  
  43  6:25  Supply Depot  
  43  6:26  Marine  
  43  6:28  Marine  
  43  6:31  Siege Tank  
  41  6:41  SCV  
  41  6:43  Concussive Shells  
  41  6:44  Marine  
  41  6:46  Marine  
  42  6:54  Barracks  
  42  7:02  Marine  
  42  7:03  Siege Tank  
  42  7:04  Marine  
  47  7:19  Marine  
  47  7:21  Marine  
  47  7:28  Missile Turret  
  42  7:34  Missile Turret  
  42  7:36  Missile Turret  
  45  7:37  Marine  
  45  7:38  Barracks  
  45  7:39  SCV, Marine  
Show
View Real Time Build Order
Export as new Build Order

Dalakken Zerg 

Build Orders: Hatch First 

Get SALT Encoding   

  12  0:01  Drone  
  13  0:13  Overlord  
  13  0:18  Drone  
  14  0:31  Drone x2  
  14  0:35  Drone  
  17  0:52  Hatchery  
  16  0:57  Drone  
  16  0:59  Drone  
  18  1:12  Spawning Pool  
  18  1:14  Extractor  
  18  1:17  Drone  
  17  1:25  Drone  
  18  1:31  Drone  
  19  1:39  Drone  
  20  1:52  Hatchery  
  19  2:00  Queen  
  21  2:08  Queen  
  24  2:15  Zergling x2  
  24  2:16  Zergling x2  
  24  2:20  Drone  
  26  2:25  Overlord  
  26  2:32  Drone x2  
  28  2:44  Drone  
  28  2:45  Drone x2  
  28  2:47  Metabolic Boost  
  31  2:55  Drone  
  31  2:56  Overlord  
  32  3:05  Queen  
  34  3:20  Spore Crawler  
  34  3:23  Drone, Spore Crawler  
  34  3:26  Drone  
  37  3:27  Drone x4  
  37  3:33  Drone x2  
  40  3:40  Queen  
  42  3:49  Overlord  
  42  3:51  Drone x2  
  44  4:04  Overlord  
  44  4:06  Drone x2  
  44  4:07  Drone  
  47  4:11  Extractor, Baneling Nest, Drone  
  47  4:12  Extractor  
  43  4:18  Queen  
  45  4:35  Zergling x6  
  45  4:36  Zergling x16  
  55  4:44  Lair  
  54  4:54  Zergling x2  
  54  4:55  Zergling x12  
  56  5:16  Drone x3  
  56  5:20  Hatchery  
  58  5:23  Drone x2  
  58  5:27  Overlord x2  
  60  5:29  Hatchery  
  59  5:36  Drone  
  60  5:45  Queen  
  60  5:47  Centrifugal Hooks  
  62  5:53  Hydralisk Den, Drone x3, Extractor  
  62  5:55  Drone x2  
  64  6:14  Overlord x2  
  64  6:15  Overlord x2  
  64  6:17  Drone  
  64  6:18  Drone x2  
  67  6:23  Queen  
  65  6:27  Hydralisk, Zergling x2  
  65  6:28  Hydralisk  
  62  6:34  Zergling x2  
  62  6:35  Zergling x8  
  56  6:53  Drone x4  
  59  6:54  Drone  
  59  7:00  Zergling x6  
  59  7:01  Zergling x6  
  62  7:06  Baneling  
  62  7:07  Baneling x4  
  61  7:25  Hydralisk x3  
  61  7:26  Hydralisk x2  
Show
View Real Time Build Order
Export as new Build Order

Pulpinator Protoss - Winner!

Build Orders:  

Get SALT Encoding   

  12  0:00  Probe  
  13  0:12  Probe  
  14  0:18  Pylon  
  14  0:26  Probe  
  15  0:39  Probe  
  16  0:43  Gateway  
  16  0:51  Assimilator, Probe  
  17  1:03  Probe  
  17  1:04  Pylon  
  18  1:15  Probe  
  19  1:27  Probe  
  19  1:31  Zealot, Cybernetics Core  
  22  1:39  Probe  
  23  1:51  Probe  
  24  2:08  Twilight Council  
  24  2:10  Nexus  
  24  2:13  Assimilator, Warp Gate  
  24  2:17  Charge  
  24  2:18  Probe  
  25  2:23  Zealot  
  27  2:30  Pylon  
  27  2:49  Gateway  
  27  2:50  Probe  
  28  2:54  Zealot  
  30  3:03  Probe  
  31  3:09  Gateway  
  31  3:20  Probe  
  31  3:21  Zealot  
  34  3:30  Pylon  
  34  3:32  Probe  
  35  3:39  Forge  
  35  3:42  Probe  
  35  3:44  Probe  
  37  3:54  Pylon  
  37  3:55  Protoss Ground Weapons Level 1  
  37  4:04  Zealot  
  37  4:05  Zealot x2  
  43  4:22  Probe x2  
  45  4:26  Zealot  
  47  4:31  Shield Battery  
  47  4:34  Probe x2, Zealot  
  51  4:46  Probe x2  
  51  4:52  Zealot x2  
  57  5:10  Zealot  
  57  5:12  Zealot x2  
  49  5:14  Probe x2  
  51  5:24  Nexus  
  51  5:26  Probe x2  
  53  5:31  Zealot  
  55  5:37  Protoss Ground Armor Level 1  
  55  5:45  Pylon  
  55  5:47  Pylon  
  55  5:49  Probe x2  
  57  6:01  Probe x2  
  59  6:07  Gateway  
  59  6:10  Gateway  
  59  6:13  Probe x2, Gateway x2  
  61  6:21  Zealot  
  61  6:22  Zealot x2  
  61  6:25  Probe x2  
  67  6:33  Pylon  
  67  6:34  Pylon  
  67  6:39  Forge  
  65  6:41  Probe x3  
  65  6:44  Zealot x2  
  65  6:46  Zealot  
  66  7:08  Zealot x3  
  64  7:09  Zealot x4  
  76  7:32  Probe x3  
  73  7:43  Pylon  
  71  7:44  Zealot  
  71  7:45  Zealot x6  
  71  7:48  Assimilator  
  71  7:51  Assimilator  
Show
View Real Time Build Order
Export as new Build Order

Tyler Protoss - Winner!

Build Orders: Oracle Opening 

Get SALT Encoding   

  12  0:00  Probe  
  13  0:12  Probe  
  14  0:19  Pylon  
  14  0:24  Probe  
  15  0:34  Probe  
  15  0:39  Gateway  
  15  0:42  Probe  
  16  0:49  Assimilator  
  17  0:51  Probe  
  18  1:02  Probe, Pylon  
  19  1:10  Assimilator  
  19  1:11  Probe  
  20  1:19  Probe  
  21  1:26  Cybernetics Core  
  21  1:29  Probe  
  22  1:41  Probe  
  23  1:53  Probe  
  24  2:07  Stargate  
  24  2:08  Probe  
  25  2:29  Nexus  
  25  2:35  Probe  
  26  2:41  Oracle  
  26  2:45  Pylon  
  26  2:48  Pylon  
  29  2:51  Pylon  
  29  3:12  Probe  
  34  3:24  Probe, Void Ray  
  35  3:36  Probe  
  37  3:48  Probe  
  37  4:00  Probe  
  38  4:49  Probe x2  
  44  4:53  Void Ray  
  44  5:01  Probe x2  
  46  5:13  Probe  
  46  5:14  Probe  
  48  5:23  Stargate  
  48  5:25  Assimilator, Probe, Stargate  
  48  5:26  Probe, Stargate  
  48  5:27  Assimilator  
  54  5:36  Void Ray  
  54  5:38  Probe x2  
  52  5:50  Probe x2  
  52  5:53  Pylon  
  52  5:55  Pylon  
  52  5:56  Pylon  
  54  6:02  Probe x2  
  56  6:14  Probe x2  
  56  6:15  Nexus  
  70  6:19  Assimilator, Void Ray  
  70  6:21  Void Ray  
  70  6:22  Void Ray  
  70  6:23  Assimilator  
  70  6:26  Probe x2  
  72  6:38  Probe x2  
  74  6:46  Void Ray  
  78  6:50  Probe x2  
  80  7:02  Probe x2  
  90  7:10  Void Ray  
  90  7:11  Void Ray  
  90  7:12  Pylon  
  90  7:14  Pylon  
  89  7:16  Pylon  
  89  7:17  Pylon  
  89  7:19  Pylon  
  89  7:20  Pylon  
  89  7:22  Pylon  
Tags
 
Add a new tag
Caveats
  • Supply blocks, unpowered buildings, or Contaminate may cause inaccurate times.
  • Supply counts are checked every 10 seconds.